 Dungeon Crawl Stone Soup version 0.16-a0-2939-g3ffa1c3 (webtiles) character file.

54 RobertPalmer the Vexing (level 3, -1/19 HPs)
             Began as a Deep Elf Enchanter on Dec 3, 2014.
             Slain by an adder (3 damage)
             ... on level 2 of the Dungeon.
             The game lasted 00:03:10 (2101 turns).

RobertPalmer the Vexing (Deep Elf Enchanter)        Turns: 2101, Time: 00:03:10

Health: -1/19      AC:  3    Str:  5    XL:     3   Next: 66%
Magic:  1/11       EV: 13    Int: 19    God:
Gold:   93         SH:  0    Dex: 16    Spells: 4 memorised, 1 level left

rFire  . . .     SeeInvis .     m - -1 dagger (curse)
rCold  . . .     Clarity  .     b - +1 robe
rNeg   . . .     SustAb   .     (no shield)
rPois  .         Gourm    .     (no helmet)
rElec  .         Spirit   .     (no cloak)
rCorr  .         Warding  .     (no gloves)
rMut   .         Stasis   .     (no boots)
MR     .....                    (no amulet)
Stlth  +++.......               (no ring)
                                (no ring)

@: very slightly contaminated, not resistant to hostile enchantments, fairly
stealthy
A: no striking features
a: no special abilities


You were on level 2 of the Dungeon.
You were not hungry.

You visited 1 branch of the dungeon, and saw 2 of its levels.

You collected 93 gold pieces.


   Skills:
 + Level 1.9 Short Blades
 - Level 2.4 Dodging
 - Level 3.6 Stealth
 - Level 3.5 Spellcasting
 - Level 5.4 Hexes


You had one spell level left.
You knew the following spells:

 Your Spells              Type           Power        Failure   Level  Hunger
x - Confuse               Hex            ###.....     6%          3    ###....
z - Ensorcelled Hibernat  Hex/Ice        ##....       10%         2    ##.....
X - Sure Blade            Hex/Chrm       ##........   10%         2    ##.....
Z - Corona                Hex            ###....      1%          1    None

Inventory:

Hand weapons
 a - a +1 dagger
 m - a cursed -1 dagger (weapon)
Armour
 b - a +1 robe (worn)
Scrolls
 j - 2 scrolls of identify
Potions
 e - a potion of lignification {unknown}
 f - a potion of might {unknown}
 g - 2 potions of agility {unknown}
 k - a potion of curing {unknown}
Books
 c - a book of Maledictions
Comestibles
 d - a bread ration
 i - a slice of pizza
 l - 4 fruits

Dungeon Overview and Level Annotations

Branches:
Dungeon (2/15)

Altars:
Cheibriados

#...###### #.#..>...####
#.######....# #.#
####.### #.# #...#
#.###########.###########
#.#......## #...##......#
#.........# ###.##K.....#
#.#......## #(eSg.....#
#.###.#### ####K.....#
#.##..### #......#
#<##....# #......#
#....#..## #......#
#..##....## #......#
#.†#......# #......#
#...........# #......#
#.............. ####.


You could see an adder, a goblin and 2 kobolds.


Message History

Aim: an adder You miscast Ensorcelled Hibernation.
You feel off-balance for a moment. The adder bites you.
* * * LOW HITPOINT WARNING * * *
Aiming: Ensorcelled Hibernation
Aim: an adder The adder resists with significant effort.
The adder bites you but does no damage. The adder closely misses you.
You hit the adder.
The adder is lightly wounded.
The adder misses you.
You closely miss the adder.
The adder is lightly wounded.
The bond with your blade fades away. The adder bites you but does no damage.
You closely miss the adder.
The adder is lightly wounded.
The adder bites you.
* * * LOW HITPOINT WARNING * * *
You hit the adder but do no damage.
The adder is lightly wounded.
The adder bites you.
* * * LOW HITPOINT WARNING * * *
You hit the adder.
The adder is lightly wounded.
The adder closely misses you.
You barely miss the adder.
The adder is lightly wounded.
The adder closely misses you. The adder bites you.
You die...

Action                   || total
-------------------------++-------
Melee: Dagger            ||   100
 Cast: Sure Blade        ||     4
       Ensorcelled Hiber ||     5
       Confuse           ||     2
  Use: Scroll            ||     1
 Stab: Sleeping          ||     9
       Confused          ||     2
  Eat: Chunk             ||     4

Vault maps used:
D:1:      dpeg_arrival_stone_temple_mockup, serial_co_window_serial,
          co_window_paths_b, co_window_paths_b, co_window_cross_1,
          co_window_paths_a, co_window_of_opportunity_a,
          co_window_of_opportunity_c, co_window_unsneaky_path_e,
          co_window_corner_b, co_window_corner_cb, co_window_sun,
          co_window_4corner_a, glass_columns_b, glass_columns_b,
          glass_columns_a, glass_columns_a, glass_columns_b, cheibriados_altar_1
D:2:      hangedman_decor_diamond_cutter

Notes
Turn   | Place    | Note
--------------------------------------------------------------
     0 | D:1      | RobertPalmer, the Deep Elf Enchanter, began the quest for the Orb.
     0 | D:1      | Reached XP level 1. HP: 10/10 MP: 5/5
    57 | D:1      | HP: 1/10 [bat (1)]
   777 | D:1      | Reached XP level 2. HP: 15/15 MP: 8/8
   781 | D:1      | Learned a level 2 spell: Ensorcelled Hibernation
  1182 | D:1      | Reached skill level 5 in Hexes
  1303 | D:1      | Learned a level 2 spell: Sure Blade
  1384 | D:1      | Found a snail-covered altar of Cheibriados.
  1401 | D:1      | Reached XP level 3. HP: 8/19 MP: 9/11
  1871 | D:1      | Learned a level 3 spell: Confuse
  2101 | D:2      | Slain by an adder

Vanquished Creatures
  An adder (D:2)
  A gnoll (D:1)
  A worm (D:2)
  2 giant geckos (D:1)
  4 bats (D:1)
  A giant cockroach (D:1)
  5 goblins
  6 hobgoblins (D:1)
  3 giant newts (D:1)
  2 kobolds (D:1)
  3 rats
29 creatures vanquished.
